 Dungeon Crawl Stone Soup version 0.20-a0-1118-g35a2cd3 (webtiles) character file.

64 M4edhros the Sneak (level 4, -7/28 HPs)
             Began as an Octopode Artificer on May 10, 2017.
             Killed by nerve-wracking pain
             ... invoked by an orc priest
              (9 damage)
             ... on level 3 of the Dungeon.
             The game lasted 00:01:04 (533 turns).

M4edhros the Sneak (Octopode Artificer)              Turns: 533, Time: 00:01:04

Health: -7/28      AC:  1    Str: 11    XL:     4   Next: 12%
Magic:  6/6        EV: 13    Int: 13    God:
Gold:   59         SH:  0    Dex: 13    Spells: 3/3 levels left

rFire    . . .     SeeInvis .   a - +0 short sword
rCold    . . .     Gourm    .   (no shield)
rNeg     . . .     Faith    .   (helmet restricted)
rPois    .         Spirit   .   (no amulet)
rElec    .         Reflect  .   (no ring)
rCorr    .         Harm     .   (no ring)
MR       .....                  (no ring)
Stlth    ++++......             (no ring)
Regen    0.1/turn               (no ring)
MPRegen  0.1/turn               (no ring)
                                (no ring)
                                (no ring)

@: no status effects
A: almost no armour, stealthy swim, amphibious, 8 rings, constrict 8, camouflage
1, gelatinous body 1
a: no special abilities


You were on level 3 of the Dungeon.
You were not hungry.

You visited 1 branch of the dungeon, and saw 3 of its levels.

You collected 59 gold pieces.

Inventory:

Hand Weapons
 a - a +0 short sword (weapon)
Missiles
 n - 52 stones (quivered)
Wands
 b - a wand of flame (15/48)
 c - a wand of enslavement (15/24)
 d - a wand of random effects (11/48)
Scrolls
 h - a scroll of identify {unknown}
 i - 3 scrolls of amnesia {unknown}
 j - a scroll of enchant weapon {unknown}
 k - a scroll of immolation {unknown}
 m - a scroll of enchant armour {unknown}
Potions
 e - a potion of invisibility {unknown}
 g - a potion of curing {unknown}
Comestibles
 f - a bread ration
 l - 3 chunks of flesh


   Skills:
 - Level 1.0 Fighting
 - Level 1.0 Short Blades
 - Level 2.0 Dodging
 + Level 5.5 Stealth
 - Level 3.2 Evocations


You had 3 spell levels left.
You didn't know any spells.

Dungeon Overview and Level Annotations

Branches:
Dungeon (3/15)

Altars:
Yredelemnul
The Shining One

Annotations:
D:2 Robin


Innate Abilities, Weirdness & Mutations

You cannot wear most types of armour.
You are very stealthy in the water. (Stealth+)
You are amphibious.
You can wear up to eight rings at the same time.
You can use your tentacles to constrict eight enemies at once.
Your skin changes colour to match your surroundings (Stealth+).
Your rubbery body absorbs attacks. (AC +1, EV +1)


Message History

You kill the orc!
The orc priest hits you with a flail!
You are too injured to fight recklessly!
You hit the orc priest but do no damage.
Your grab misses the orc priest.
A jackal comes into view.
Evoke which item? (* to show all) (? for menu, Esc to quit)
Aiming: Random Effects
Press: ? - help, Shift-Dir - straight line, f - orc priest
Aim: an orc priest, wielding a flail and wearing a leather armour The fireball explodes!
The fireball engulfs the orc priest.
The orc priest is almost dead.
The fireball engulfs you!
* * * LOW HITPOINT WARNING * * *
The jackal barks!
This wand has 11 charges left.
You hear a bark!
You hear an angry hiss.
The orc priest calls down the wrath of Beogh upon you.
Pain shoots through your body!
You die...

.# .#. . _. .#.# # #.
...#$# ##.#####.##.###
#..h.)........
...#.@.#..#.####
......o..>[......## #
####......).#..... .#
#........# #.# .#
#.......#####<###.##.
........!........†...#
.........##.#####...###
.####..#.##.# #.####_
#..#.##.# #.#####


You could see an orc priest and a jackal.

Vanquished Creatures
  3 gnolls (D:2)
  2 dart slugs (D:3)
  4 orcs (D:3)
  7 bats
  A giant cockroach (D:3)
  2 goblins (D:3)
  A hobgoblin (D:2)
  2 jackals (D:2)
  A kobold (D:3)
  A frilled lizard (D:1)
  A rat (D:1)
25 creatures vanquished.

Notes
Turn   | Place    | Note
-------+----------+-------------------------------------------
     0 | D:1      | M4edhros the Octopode Artificer began the quest for the Orb.
     0 | D:1      | Reached XP level 1. HP: 13/13 MP: 3/3
    15 | D:1      | Reached skill level 2 in Stealth
   107 | D:1      | Reached XP level 2. HP: 12/18 MP: 4/4
   163 | D:1      | Reached skill level 3 in Stealth
   248 | D:2      | Reached skill level 4 in Stealth
   248 | D:2      | Reached XP level 3. HP: 17/23 MP: 5/5
   257 | D:2      | Noticed Robin
   388 | D:3      | Reached skill level 5 in Stealth
   471 | D:3      | Found a glowing golden altar of the Shining One.
   515 | D:3      | Reached XP level 4. HP: 17/28 MP: 6/6
   526 | D:3      | Found a basalt altar of Yredelemnul.
   533 | D:3      | Killed from afar by an orc priest

Vault maps used:
D:1:      dpeg_arrival_tiny_i
D:2:      makhleb_blood_cavern_becter, hangedman_decor_points,
          nicolae_ru_path_of_blood, uniq_robin
D:3:      marbit_many_paths, grunt_temple_overflow_opulence,
          lemuel_crystal_altar, lemuel_crystal_altar, led_xom_imps, uniq_jessica

Skill      XL: |  1  2  3 |
---------------+----------+-----
Stealth        | 2 4 5 |  5.5
Fighting       | |  1.0
Short Blades   | |  1.0
Dodging        | |  2.0
Evocations     | |  3.2

Action                   |  1- 3 |  4- 6 || total
-------------------------+-------+-------++-------
Melee: Short sword       |    45 |     4 ||    49
       Constrict         |    14 |       ||    14
       Tentacles         |    10 |       ||    10
Evoke: Wand              |     3 |     1 ||     4
 Stab: Sleeping          |     3 |     3 ||     6
Armor: Skin              |     9 |       ||     9
Dodge: Dodged            |    35 |       ||    35
